[Event "Titled Tuesday Blitz May 16 Late 2023"]
[White "Ziatdinov, Raset"]
[Black "Fishbein, Mitch"]
[WhiteFideId "2015323"]
[BlackFideId "30922917"]
[WhiteElo "2220"]
[BlackElo "1964"]
[Result "1-0"]
[Round "11"]
[TimeControl "180+2"]
[Date "2023.05.16"]
[WhiteClock "0:00:30"]
[BlackClock "0:00:00"]

1. e4 c5 2. Nf3 Nc6 3. d4 cxd4 4. Nxd4 e5 5. Nb5 d6 6. N1c3 a6 7. Na3 Be7 8. Nd5 Nf6 9. Nxe7 Qxe7 10. f3 O-O 11. Bg5 Rd8 12. c4 Be6 13. Nc2 Rac8 14. b3 h6 15. Bh4 g5 16. Bf2 Nh5 17. g3 Rf8 18. f4 Nf6 19. f5 Nxe4 20. fxe6 Nxf2 21. Kxf2 fxe6+ 22. Kg2 Qf6 23. Qe2 Nd4 24. Nxd4 exd4 25. Re1 e5 26. Kg1 e4 27. Bg2 e3 28. Bd5+ Kg7 29. Rf1 Qxf1+ 30. Qxf1 Rxf1+ 31. Kxf1 d3 32. Be4 Rf8+ 33. Ke1 d2+ 34. Ke2 Rf2+ 35. Kxe3 Rxh2 36. Rd1 Kf6 37. Rxd2 Rxd2 38. Kxd2 b6 39. Ke3 Ke5 40. Bb7 a5 41. Bf3 Kf5 42. Kd4 1-0


[Site "https://www.chess.com"]

[Event "Titled Tuesday Blitz May 16 Late 2023"]
[White "Ollier, Pablo"]
[Black "K2JW"]
[WhiteFideId "652318"]
[WhiteElo "2468"]
[BlackElo "2372"]
[Result "1-0"]
[Round "11"]
[TimeControl "180+2"]
[Date "2023.05.16"]
[WhiteClock "0:01:22"]
[BlackClock "0:00:17"]

1. d4 d5 2. c4 e6 3. Nc3 Nf6 4. cxd5 exd5 5. Bg5 Be7 6. e3 Nbd7 7. Bd3 c6 8. Qc2 h6 9. Bh4 Nh5 10. Bxe7 Qxe7 11. O-O-O Nb6 12. Kb1 Be6 13. h3 O-O-O 14. Nf3 Kb8 15. Na4 Nxa4 16. Qxa4 Nf6 17. Rc1 Ne4 18. Bxe4 dxe4 19. Ne5 Rd5 20. Rc3 Rc8 21. Rhc1 f6 22. Ng6 Qc7 23. Ra3 Qb6 24. Ne7 Rb5 25. Nxc8 Rxb2+ 26. Ka1 Kxc8 27. Qxa7 Qb4 28. Qc5 Qd2 29. Qc3 Qxf2 30. Qxb2 1-0


[Site "https://www.chess.com"]

[Event "Titled Tuesday Blitz May 16 Late 2023"]
[White "Estrada Nieto, Julian"]
[Black "Slavin, Alexey"]
[WhiteFideId "5101018"]
[BlackFideId "24104388"]
[WhiteElo "2161"]
[BlackElo "2264"]
[Result "1-0"]
[Round "11"]
[TimeControl "180+2"]
[Date "2023.05.16"]
[WhiteClock "0:01:10"]
[BlackClock "0:01:20"]

1. e4 Nc6 2. Nf3 d6 3. d4 Nf6 4. Nc3 Bg4 5. Bb5 a6 6. Bxc6+ bxc6 7. h3 Bc8 8. O-O e6 9. Bg5 Be7 10. Qe2 a5 11. Rfd1 h6 12. Bh4 O-O 13. e5 Nd5 14. Bxe7 Qxe7 15. Ne4 Ba6 16. Qd2 a4 17. b3 Nb6 18. Qb4 Rfd8 19. exd6 Qf8 20. c4 Rdb8 21. Qa3 axb3 22. axb3 Bxc4 23. Qc5 Bd5 24. dxc7 Rb7 25. Rxa8 Nxa8 26. Qxf8+ Kxf8 27. c8=Q+ 1-0


[Site "https://www.chess.com"]

[Event "Titled Tuesday Blitz May 16 Late 2023"]
[White "Shapiro, Daniel"]
[Black "Stork, Oliver"]
[WhiteFideId "2001780"]
[BlackFideId "12955728"]
[WhiteElo "2367"]
[BlackElo "2239"]
[Result "0-1"]
[Round "11"]
[TimeControl "180+2"]
[Date "2023.05.16"]
[WhiteClock "0:00:03"]
[BlackClock "0:00:15"]

1. d4 Nf6 2. c4 e6 3. g3 d5 4. Nf3 Bb4+ 5. Bd2 Be7 6. Qc2 O-O 7. Bg2 c6 8. O-O b6 9. Rd1 Ba6 10. b3 Nbd7 11. Bf4 Rc8 12. Nc3 dxc4 13. Nd2 Nd5 14. Nxc4 Nxf4 15. gxf4 Nf6 16. Rac1 Qc7 17. e3 Rfd8 18. Ne4 Qb8 19. Ne5 Bb7 20. Nxf6+ Bxf6 21. Qe4 Bxe5 22. fxe5 Ba8 23. Qh4 c5 24. Bxa8 Qxa8 25. dxc5 bxc5 26. e4 Rd4 27. f3 Rcd8 28. Re1 Qb7 29. Rxc5 Qb6 30. b4 Rxb4 31. Rc1 Rbd4 32. Kg2 Rd2+ 33. Kg3 Qb2 34. Rc8 Rg2+ 35. Kf4 Qd2# 0-1


[Site "https://www.chess.com"]

[Event "Titled Tuesday Blitz May 16 Late 2023"]
[White "Wizard_of_Odds"]
[Black "Stachanczyk, Jacek"]
[BlackFideId "1116657"]
[WhiteElo "2433"]
[BlackElo "2084"]
[Result "1-0"]
[Round "11"]
[TimeControl "180+2"]
[Date "2023.05.16"]
[WhiteClock "0:01:00"]
[BlackClock "0:00:14"]

1. e4 c5 2. Nf3 d6 3. Bb5+ Bd7 4. Bxd7+ Qxd7 5. O-O Nf6 6. Nc3 e6 7. Re1 Be7 8. d3 O-O 9. Bg5 b5 10. a3 a5 11. e5 dxe5 12. Nxe5 Qb7 13. Qf3 Qxf3 14. Nxf3 b4 15. Na4 Nbd7 16. Nd2 h6 17. Be3 Nd5 18. Nb3 Nxe3 19. Rxe3 Bf6 20. Rc1 Rfc8 21. Re4 Rab8 22. Rc4 Kf8 23. Nxa5 bxa3 24. bxa3 Ke7 25. Nb3 Kd6 26. g3 Rb5 27. Nc3 Rb7 28. Ne4+ Kd5 29. Ra4 Be5 30. c4+ Kc6 31. Na5+ 1-0


[Site "https://www.chess.com"]

[Event "Titled Tuesday Blitz May 16 Late 2023"]
[White "Kujawski, Adam"]
[Black "KorolDimitriy75"]
[WhiteFideId "1100920"]
[WhiteElo "2054"]
[BlackElo "2418"]
[Result "0-1"]
[Round "11"]
[TimeControl "180+2"]
[Date "2023.05.16"]
[WhiteClock "0:00:00"]
[BlackClock "0:02:55"]

1. e4 c5 2. Nf3 d6 3. d4 cxd4 4. Nxd4 Nf6 5. Nc3 g6 6. Be3 Bg7 7. f3 O-O 8. Qd2 Nc6 9. O-O-O d5 10. exd5 Nxd5 11. Nxc6 bxc6 12. Bd4 e5 13. Bc5 Be6 14. Ne4 Rb8 15. Bc4 Qc7 16. Bxf8 Bxf8 17. Bxd5 cxd5 18. Nf6+ Kh8 19. Nxd5 Qb7 20. b3 Rd8 21. c4 Rc8 22. Qc3 Bg7 23. Rhe1 Bxd5 0-1


[Site "https://www.chess.com"]

[Event "Titled Tuesday Blitz May 16 Late 2023"]
[White "Mazurkiewicz, Michal"]
[Black "Levar, Nenad"]
[WhiteFideId "1124943"]
[BlackFideId "14504430"]
[WhiteElo "2054"]
[BlackElo "2095"]
[Result "1-0"]
[Round "11"]
[TimeControl "180+2"]
[Date "2023.05.16"]
[WhiteClock "0:00:06"]
[BlackClock "0:00:36"]

1. e4 c6 2. d3 d5 3. Nd2 e5 4. Ngf3 Bd6 5. g3 f6 6. Bg2 Ne7 7. O-O O-O 8. Re1 Bg4 9. h3 Bh5 10. c3 Nd7 11. g4 Bf7 12. d4 Qc7 13. b3 Rfe8 14. Bb2 Rad8 15. Qc2 h6 16. Rad1 Bg6 17. Nh4 Bh7 18. Nf5 Nxf5 19. gxf5 exd4 20. cxd4 dxe4 21. Nxe4 Bb4 22. Re3 Kh8 23. Qc4 Bf8 24. d5 Nb6 25. Qc1 Rxd5 26. Rxd5 Nxd5 27. Rd3 Qc8 28. Ng3 Bxf5 29. Nxf5 Qxf5 30. Qd1 Bc5 31. Rf3 Qe6 32. Bf1 Qe1 33. Qxe1 Rxe1 34. Kg2 Bd6 35. Bc4 Nf4+ 36. Kg3 Nd3+ 37. Kg4 Nxb2 38. Bf7 Re4+ 39. Kh5 Re5+ 40. Kg4 Rg5+ 41. Kh4 Nd1 42. Rd3 Nxf2 43. Rxd6 Kh7 44. Bc4 Ne4 45. Bd3 f5 46. Rd7 Rg6 47. Rf7 Nf2 48. Bxf5 Kg8 49. Bxg6 1-0


[Site "https://www.chess.com"]

[Event "Titled Tuesday Blitz May 16 Late 2023"]
[White "Barria Santos, Jose Guilherme"]
[Black "Curtis, John"]
[WhiteFideId "1939300"]
[BlackFideId "3200256"]
[WhiteElo "2266"]
[BlackElo "2203"]
[Result "1-0"]
[Round "11"]
[TimeControl "180+2"]
[Date "2023.05.16"]
[WhiteClock "0:00:46"]
[BlackClock "0:00:14"]

1. Nf3 d5 2. g3 c6 3. Bg2 Bg4 4. O-O Nd7 5. c4 e6 6. b3 Ngf6 7. Ba3 Bxa3 8. Nxa3 Bxf3 9. Bxf3 Qa5 10. Qc1 Ne5 11. Bg2 dxc4 12. Nxc4 Nxc4 13. bxc4 Rd8 14. d3 Rd7 15. Qb2 O-O 16. Rab1 Rfd8 17. Rfc1 Qc7 18. Qd2 b6 19. Qg5 h6 20. Qe3 c5 21. a4 Rd6 22. Rb5 Rd4 23. Rcb1 Nd7 24. a5 Rb8 25. axb6 axb6 26. Qc1 e5 27. Bd5 Nf6 28. Bg2 e4 29. dxe4 h5 30. e3 Rd6 31. e5 Re6 32. exf6 Rxf6 33. Qa3 Rd6 34. Qb2 h4 35. Qc2 hxg3 36. hxg3 Rbd8 37. Bf3 g6 38. Qe4 Re6 39. Qf4 Qxf4 40. gxf4 Rdd6 41. Bd5 Rf6 42. Kg2 Kg7 43. Kf3 g5 44. Kg4 gxf4 45. exf4 Rg6+ 46. Kf3 f5 47. Re1 Rh6 48. Rbb1 Rh3+ 49. Kg2 Rh4 50. Rg1 Rxf4 51. Kg3 Rg4+ 52. Kf3 Rdg6 53. Rxg4 fxg4+ 54. Kg3 Rf6 55. Re1 Rd6 56. Kxg4 b5 57. Re6 Rxe6 58. Bxe6 Kf6 59. cxb5 Kxe6 60. Kf4 Kd5 61. Ke3 c4 62. f4 Kc5 63. f5 Kxb5 64. f6 c3 65. Kd3 c2 66. Kxc2 Kc6 67. f7 Kd6 68. f8=Q+ 1-0


[Site "https://www.chess.com"]

[Event "Titled Tuesday Blitz May 16 Late 2023"]
[White "Osmonbekov, Talaibek"]
[Black "Seletsky, Grigory"]
[WhiteFideId "2017253"]
[BlackFideId "14112191"]
[WhiteElo "2135"]
[BlackElo "2491"]
[Result "0-1"]
[Round "11"]
[TimeControl "180+2"]
[Date "2023.05.16"]
[WhiteClock "0:00:00"]
[BlackClock "0:00:03"]

1. d4 c5 2. d5 e5 3. d6 Qb6 4. Nc3 Qxd6 5. Qxd6 Bxd6 6. Nb5 Ke7 7. Bg5+ f6 8. O-O-O Nc6 9. Nxd6 fxg5 10. Nf3 h6 11. e4 Nf6 12. Bc4 g6 13. c3 Rf8 14. Rhe1 Nh5 15. Bb5 Nf4 16. Bxc6 dxc6 17. Nxe5 Rf6 18. Nxc8+ Rxc8 19. g3 Nh3 20. f3 h5 21. Re3 Rcf8 22. Rf1 Ke6 23. Nd3 b6 24. c4 R6f7 25. Kd2 Rd7 26. Ke2 Rd4 27. b3 Rfd8 28. f4 g4 29. f5+ gxf5 30. exf5+ Kf7 31. Ne5+ Kf6 32. Nd3 Ng5 33. Rf4 R4d6 34. a4 Nf3 35. Rfxf3 gxf3+ 36. Rxf3 Re8+ 37. Kf2 Red8 38. Ke2 Kg5 39. h3 Re8+ 40. Kf2 Rf6 41. Nf4 Rxf5 42. h4+ Kh6 43. Rd3 Re7 44. Rd6+ Kh7 45. Rxc6 Rd7 46. Ke3 Re5+ 47. Kf3 Rd2 48. Rc7+ Kh6 49. Rc6+ Kg7 50. Rc7+ Kg8 51. Nd5 Rb2 52. Nf6+ Kf8 53. Nd7+ Ke7 54. Nxe5+ Kd6 55. Rh7 Kxe5 56. Rxh5+ Kd4 57. Rd5+ Kc3 58. h5 Rxb3 59. h6 Kxc4+ 60. Kg4 Kxd5 61. h7 Rb4+ 62. Kg5 Rb3 63. g4 Rh3 0-1


[Site "https://www.chess.com"]

[Event "Titled Tuesday Blitz May 16 Late 2023"]
[White "rikchessmx"]
[Black "Novikova, Galina"]
[BlackFideId "4157095"]
[WhiteElo "2229"]
[BlackElo "1953"]
[Result "1-0"]
[Round "11"]
[TimeControl "180+2"]
[Date "2023.05.16"]
[WhiteClock "0:02:04"]
[BlackClock "0:01:19"]

1. e4 e6 2. d4 d5 3. Nc3 Bb4 4. e5 c5 5. a3 Bxc3+ 6. bxc3 Ne7 7. Qg4 Kf8 8. Nf3 Qa5 9. Bd2 Qa4 10. Ra2 Nbc6 11. Qf4 b6 12. h4 Ba6 13. h5 Bxf1 14. Kxf1 Qc4+ 15. Kg1 Qxa2 16. Ng5 Nd8 17. h6 g6 18. Qf6 Rg8 19. Nxh7+ Ke8 20. Qg5 Kd7 21. Nf6+ Kc7 22. Nxg8 Nxg8 23. h7 Nc6 24. h8=Q Qxc2 25. Rh7 Qd1+ 26. Kh2 Kb7 27. Rxf7+ Ka6 28. Rg7 cxd4 29. Rxg8 dxc3 30. Bxc3 d4 31. Rxa8 dxc3 32. Qc8+ Kb5 33. a4+ Kb4 34. Qxc6 c2 35. Qb5+ Ka3 36. Qe3+ Ka2 37. Qbb3+ Ka1 38. Qec3# 1-0


[Site "https://www.chess.com"]

[Event "Titled Tuesday Blitz May 16 Late 2023"]
[White "Tarnowska, Aleksandra"]
[Black "Pein, Jonathan"]
[WhiteFideId "1180967"]
[BlackFideId "417092"]
[WhiteElo "1776"]
[BlackElo "2151"]
[Result "1-0"]
[Round "11"]
[TimeControl "180+2"]
[Date "2023.05.16"]
[WhiteClock "0:00:49"]
[BlackClock "0:00:00"]

1. e4 c6 2. d4 d5 3. Nc3 dxe4 4. Nxe4 Bf5 5. Ng3 Bg6 6. h4 h6 7. h5 Bh7 8. Nf3 Nf6 9. Bd3 e6 10. Bxh7 Nxh7 11. Bf4 Bd6 12. Qd2 Nf6 13. O-O-O Bxf4 14. Qxf4 Qa5 15. Kb1 Nbd7 16. Ne5 Nxe5 17. dxe5 Nd5 18. Qg4 O-O 19. Ne4 Qb4 20. Rxd5 Qe7 21. Rd3 Kh8 22. Rhd1 a5 23. Rd7 Qb4 24. a3 Qb5 25. Nd6 Qa4 26. Qxa4 1-0


[Site "https://www.chess.com"]

[Event "Titled Tuesday Blitz May 16 Late 2023"]
[White "Mikhalsky, Vladimir"]
[Black "ritanovikova"]
[WhiteFideId "14144352"]
[WhiteElo "2236"]
[BlackElo "2148"]
[Result "1-0"]
[Round "11"]
[TimeControl "180+2"]
[Date "2023.05.16"]
[WhiteClock "0:01:33"]
[BlackClock "0:01:59"]

1. c4 Nf6 2. Nc3 g6 3. e4 d6 4. d4 Bg7 5. f3 O-O 6. Be3 e5 7. Nge2 a6 8. Qd2 Re8 9. d5 b6 10. Nc1 Nbd7 11. Be2 Nc5 12. b4 Ncd7 13. Nb3 a5 14. bxa5 bxa5 15. a4 Ba6 16. Nb5 Nb6 17. Nxa5 Bxb5 18. cxb5 Nfd7 19. Nc6 Qh4+ 20. Bf2 Qh6 21. Qxh6 Bxh6 22. a5 Nc5 23. Bxc5 dxc5 24. O-O Be3+ 25. Kh1 Nd7 26. Bc4 Kg7 27. Rfb1 Bd4 28. Ra2 Nb6 29. axb6 cxb6 30. d6 1-0


[Site "https://www.chess.com"]

[Event "Titled Tuesday Blitz May 16 Late 2023"]
[White "Rose, Felix"]
[Black "Stead, Kerry"]
[WhiteFideId "5105722"]
[BlackFideId "3202577"]
[WhiteElo "2039"]
[BlackElo "1997"]
[Result "0-1"]
[Round "11"]
[TimeControl "180+2"]
[Date "2023.05.16"]
[WhiteClock "0:00:21"]
[BlackClock "0:00:13"]

1. d4 c5 2. d5 f5 3. e4 fxe4 4. Nc3 Nf6 5. Bg5 d6 6. Bb5+ Bd7 7. a4 a6 8. Bc4 g6 9. Nge2 Bg7 10. Qc1 h5 11. Ng3 Bf5 12. h4 Nbd7 13. a5 Qc7 14. O-O Ne5 15. Bb3 O-O-O 16. Re1 c4 17. Ba4 Qc5 18. Bxf6 Bxf6 19. Ngxe4 Bxe4 20. Nxe4 Qxd5 21. Qe3 Ng4 22. Qa7 Bd4 23. Rad1 Bxa7 24. Rxd5 Rhf8 25. Re2 Kc7 26. Kf1 e6 27. Rg5 d5 28. Nd2 Nxf2 29. Nf3 Ne4 30. Rxg6 Rg8 31. Rxg8 Rxg8 32. Ke1 Kd6 33. b4 Nc3 34. Re5 Nxa4 35. Rxh5 Nc3 36. Rh7 Nb5 37. Rxb7 Be3 38. Ke2 Kc6 39. Re7 d4 40. Rxe6+ Kd7 41. Rxa6 Rxg2+ 42. Ke1 Rxc2 43. Rb6 Nc3 44. Kf1 Rf2+ 45. Kg1 Rxf3+ 46. Kg2 Rf2+ 47. Kg3 Ne4+ 48. Kg4 Rf4+ 49. Kh3 Bf2 50. h5 Rh4+ 51. Kg2 Rxh5 52. a6 Nc3 53. Kxf2 d3 54. Ke3 Re5+ 55. Kd2 Ne4+ 56. Kd1 c3 57. a7 c2+ 58. Kc1 Re8 59. Rb8 Nc3 60. Rxe8 Na2+ 61. Kd2 c1=Q+ 62. Kxd3 Qc3+ 63. Ke4 Qxb4+ 64. Kf5 Qa5+ 65. Kg6 Kxe8 66. a8=Q+ Qxa8 67. Kf5 Qd5+ 68. Kf4 Qd3 69. Ke5 Kf7 70. Kf4 Kf6 71. Kg4 Qf1 72. Kg3 Kg5 73. Kh2 Qf4+ 74. Kg2 Qe3 75. Kh2 Kg4 76. Kg2 Qe2+ 77. Kh1 Kg3 78. Kg1 Qg2# 0-1


[Site "https://www.chess.com"]

[Event "Titled Tuesday Blitz May 16 Late 2023"]
[White "dorpato"]
[Black "Kostiukov, Alexandr"]
[BlackFideId "14108100"]
[WhiteElo "2033"]
[BlackElo "2202"]
[Result "1-0"]
[Round "11"]
[TimeControl "180+2"]
[Date "2023.05.16"]
[WhiteClock "0:00:10"]
[BlackClock "0:00:11"]

1. e4 c5 2. Nc3 g6 3. g3 Bg7 4. d3 Nc6 5. Bg2 d6 6. Be3 e5 7. Qd2 Nge7 8. Bh6 Bxh6 9. Qxh6 Nd4 10. O-O-O Be6 11. f4 f6 12. fxe5 fxe5 13. Nf3 Nxf3 14. Bxf3 Ng8 15. Qg7 Qf6 16. Qxb7 Rd8 17. Rhf1 Ne7 18. Bg4 Qg5+ 19. Kb1 Qxg4 20. Qxa7 Qh3 21. Nb5 Rd7 22. Qb8+ Rd8 23. Qb7 Rd7 24. Qb8+ Rd8 25. Qb7 Bc8 26. Nc7+ Kd7 27. Qb6 Nc6 28. Nd5 Qe6 29. Qc7+ Ke8 30. Nf6+ Kf8 31. Nxh7+ Kg8 32. Nf6+ Kf8 33. Nd5+ Kg8 34. Rf6 Qe7 35. Nxe7+ Nxe7 36. Qxe7 1-0


[Site "https://www.chess.com"]

[Event "Titled Tuesday Blitz May 16 Late 2023"]
[White "Milovic, Aleksandra"]
[Black "Prydun, Andriy"]
[WhiteFideId "933988"]
[BlackFideId "14145898"]
[WhiteElo "2000"]
[BlackElo "2164"]
[Result "0-1"]
[Round "11"]
[TimeControl "180+2"]
[Date "2023.05.16"]
[WhiteClock "0:00:10"]
[BlackClock "0:00:24"]

1. e4 c6 2. d4 d5 3. Nc3 dxe4 4. Nxe4 Nf6 5. Nxf6+ exf6 6. c3 Bd6 7. Bd3 h5 8. Ne2 h4 9. Qc2 h3 10. g3 Bg4 11. Be3 Bf3 12. Rg1 Nd7 13. O-O-O Qc7 14. Rde1 O-O-O 15. Kb1 Rde8 16. Nf4 Re7 17. Bf1 g5 18. Nd3 Kb8 19. Be2 Be4 20. Ka1 Bf5 21. Qd1 Nb6 22. Bg4 Bc8 23. Bxc8 Qxc8 24. Qf3 Rh6 25. Bd2 Nc4 26. Bc1 Rh8 27. Rxe7 Bxe7 28. Re1 Re8 29. Qe2 Nd6 30. Qf1 g4 31. Bf4 Ka8 32. Nc5 Bf8 33. a3 b6 34. Nd3 Qf5 35. Bxd6 Rxe1+ 36. Qxe1 Bxd6 37. Qe8+ Kb7 38. Qxf7+ Bc7 39. Qc4 Qe4 40. Ka2 Qg2 41. Qf7 Qxh2 42. Qxf6 Qg2 43. Qf7 Qd5+ 44. Qxd5 cxd5 45. f4 h2 46. Nf2 Bxf4 47. Nh1 Bg5 48. Kb1 Kc6 49. Kc2 Kb5 50. b3 a5 51. Kd3 a4 52. c4+ Kc6 53. bxa4 Bc1 54. c5 Bxa3 55. cxb6 Kxb6 56. Ke3 Bc1+ 57. Kd3 Ka5 58. Kc2 Be3 59. Kd3 Bg1 60. Kc3 Kxa4 61. Kd3 Kb3 62. Ke2 Kc2 63. Kf1 Kd1 64. Kg2 Ke2 65. Nf2 Bxf2 66. Kh1 Bxd4 67. Kg2 Bc5 68. Kh1 d4 69. Kg2 d3 70. Kh1 d2 71. Kg2 d1=Q 72. Kxh2 Qg1# 0-1


[Site "https://www.chess.com"]

[Event "Titled Tuesday Blitz May 16 Late 2023"]
[White "mjelcic"]
[Black "Horokoskii"]
[WhiteElo "2248"]
[BlackElo "2160"]
[Result "1-0"]
[Round "11"]
[TimeControl "180+2"]
[Date "2023.05.16"]
[WhiteClock "0:02:20"]
[BlackClock "0:02:11"]

1. c4 c5 2. Nc3 Nc6 3. Nf3 Nf6 4. d4 cxd4 5. Nxd4 g6 6. g3 Bg7 7. Bg2 O-O 8. O-O e5 9. Ndb5 a6 10. Nd6 Ne8 11. Be3 Nxd6 12. Qxd6 Qf6 13. Qxf6 Bxf6 14. Nd5 Bg7 15. Bc5 Rd8 16. Bb6 Rf8 17. Bc5 Rd8 18. Bd6 Bf8 19. Bc7 Re8 20. Nf6+ 1-0


[Site "https://www.chess.com"]

[Event "Titled Tuesday Blitz May 16 Late 2023"]
[White "Gu, Ethan"]
[Black "KSho99"]
[WhiteFideId "30909236"]
[WhiteElo "2237"]
[BlackElo "2151"]
[Result "1-0"]
[Round "11"]
[TimeControl "180+2"]
[Date "2023.05.16"]
[WhiteClock "0:01:01"]
[BlackClock "0:00:16"]

1. e4 g6 2. d4 Bg7 3. h4 c5 4. c3 d5 5. e5 Nc6 6. h5 cxd4 7. cxd4 Qb6 8. h6 Bf8 9. Nc3 Qxd4 10. Nxd5 Qxe5+ 11. Be3 e6 12. Nc3 Bb4 13. Rc1 Nf6 14. Nf3 Qa5 15. Bc4 Ne5 16. Nxe5 Qxe5 17. O-O Qh5 18. Qd4 Ng4 19. Bb5+ Ke7 20. Qxb4+ 1-0


[Site "https://www.chess.com"]

[Event "Titled Tuesday Blitz May 16 Late 2023"]
[White "Winkels, Marcel"]
[Black "Joubert, Dantelle"]
[WhiteFideId "1003887"]
[BlackFideId "14310813"]
[WhiteElo "1900"]
[BlackElo "1507"]
[Result "0-1"]
[Round "11"]
[TimeControl "180+2"]
[Date "2023.05.16"]
[WhiteClock "0:00:00"]
[BlackClock "0:00:04"]

1. d4 d5 2. Nc3 Nf6 3. Bf4 c6 4. e3 Bf5 5. Nf3 Nbd7 6. Ne5 Qb6 7. Qd2 e6 8. Bd3 Bb4 9. Nxd7 Nxd7 10. O-O O-O 11. Bxf5 exf5 12. Qd3 g6 13. f3 Rfe8 14. Rae1 Re6 15. e4 fxe4 16. fxe4 Bxc3 17. bxc3 dxe4 18. Rxe4 Rae8 19. Rxe6 Rxe6 20. Qf3 f5 21. Bg5 Qb5 22. Qf4 Qb6 23. Bh6 c5 24. d5 Re4 25. Qg5 Qf6 26. Qxf6 Nxf6 27. Rd1 Kf7 28. g3 Ke8 29. Bf4 Ra4 30. Be5 Ne4 31. d6 Kd7 32. Rd5 Rxa2 33. Bf4 b6 34. h4 Nxc3 35. Rd3 Ne4 36. Re3 Rxc2 37. Ra3 a5 38. Rb3 Nd2 39. Rxb6 Nf3+ 40. Kf1 Nd4 41. Rb7+ Kc6 42. d7 Ne6 43. Rc7+ Kb6 44. Rc8 Ra2 45. Re8 Ra1+ 46. Kg2 Ra2+ 47. Kf3 Nd4+ 48. Ke3 Nc6 49. Rc8 Ra3+ 0-1


[Site "https://www.chess.com"]

[Event "Titled Tuesday Blitz May 16 Late 2023"]
[White "Fuentes Godoy, Lilia Ivonne"]
[Black "Dmitriev, Sergey"]
[WhiteFideId "5104130"]
[BlackFideId "14101785"]
[WhiteElo "2096"]
[BlackElo "2132"]
[Result "1-0"]
[Round "11"]
[TimeControl "180+2"]
[Date "2023.05.16"]
[WhiteClock "0:02:41"]
[BlackClock "0:01:51"]

1. d4 d6 2. c4 g6 3. Nc3 Bg7 4. Nf3 Nf6 5. g3 O-O 6. Bg2 c6 7. O-O Bf5 8. Re1 Ne4 9. Nxe4 Bxe4 10. b3 Nd7 11. Bb2 e5 12. Rc1 Qe7 13. dxe5 Nxe5 14. Nxe5 Bxe5 15. Bxe5 Qxe5 16. Bxe4 Qxe4 17. Qxd6 Rad8 18. Qb4 Rd2 19. Qxd2 1-0


[Site "https://www.chess.com"]

[Event "Titled Tuesday Blitz May 16 Late 2023"]
[White "Manu_ChessExcelsior"]
[Black "Escalante Ramirez, Rafael"]
[BlackFideId "3900177"]
[WhiteElo "2047"]
[BlackElo "2209"]
[Result "0-1"]
[Round "11"]
[TimeControl "180+2"]
[Date "2023.05.16"]
[WhiteClock "0:00:06"]
[BlackClock "0:00:58"]

1. e4 c5 2. g3 e6 3. Bg2 Nc6 4. d3 d5 5. Nd2 Nf6 6. Ngf3 g6 7. O-O Bg7 8. Re1 O-O 9. c3 d4 10. cxd4 cxd4 11. e5 Nd7 12. Nb3 Ndxe5 13. Nxe5 Nxe5 14. Bd2 Nc6 15. Rc1 Bd7 16. Nc5 Bc8 17. Qb3 Qb6 18. Qa3 a5 19. Na4 Qb5 20. Rc5 Qa6 21. Bxc6 bxc6 22. Rxa5 Qb7 23. Nc5 Rxa5 24. Bxa5 Qb5 25. Qb4 Ba6 26. Nxa6 Qxa6 27. Rc1 Qxd3 28. Rxc6 Qb1+ 29. Kg2 Qe4+ 30. Kg1 Qxc6 0-1


[Site "https://www.chess.com"]

[Event "Titled Tuesday Blitz May 16 Late 2023"]
[White "Vargas, Mauricio"]
[Black "Sanchez, Robert"]
[WhiteFideId "4404572"]
[BlackFideId "2034360"]
[WhiteElo "1986"]
[BlackElo "1848"]
[Result "1-0"]
[Round "11"]
[TimeControl "180+2"]
[Date "2023.05.16"]
[WhiteClock "0:02:31"]
[BlackClock "0:02:15"]

1. e4 e6 2. f4 d5 3. e5 c5 4. Nf3 Nc6 5. Bb5 Bd7 6. Bxc6 bxc6 7. O-O Ne7 8. d3 Nf5 9. c4 h5 10. b3 Be7 11. Nc3 Qc7 12. Na4 d4 13. Ba3 Ne3 14. Qd2 Nxf1 15. Rxf1 f6 16. exf6 gxf6 17. Bxc5 Bxc5 18. Nxc5 1-0